 Dungeon Crawl Stone Soup version 0.24.0-13-gcf9b319 (webtiles) character file.

Game seed: 8038416734384830973, levelgen mode: deterministic

88 Ajohnson the Sneak (level 4, 0/24 HPs)
             Began as a Vampire Enchanter on Nov 14, 2019.
             Slain by an adder (4 damage)
             ... on level 3 of the Dungeon.
             The game lasted 00:06:36 (2336 turns).

Ajohnson the Sneak (Vampire Enchanter)              Turns: 2336, Time: 00:06:37

Health: 0/24       AC:  2    Str:  8    XL:     4   Next: 29%
Magic:  1/8        EV: 12    Int: 17    God:
Gold:   149        SH:  0    Dex: 14    Spells: 2/8 levels left

rFire    . . .     SeeInvis +   n - +0 dagger (elec)
rCold    + + .     Gourm    .   (no shield)
rNeg     + + +     Faith    .   b - +0 robe
rPois    ∞         Spirit   .   (no helmet)
rElec    .         Reflect  .   (no cloak)
rCorr    .         Harm     .   (no gloves)
MR       .....                  (no boots)
Stlth    +++++.....             (no amulet)
HPRegen  0.00/turn              (no ring)
MPRegen  0.11/turn              (no ring)

@: bloodless, regenerating quickly
A: no food, fangs 3, see invisible, unbreathing
a: Bat Form, Revivify


You were on level 3 of the Dungeon.
You were bloodless.

You visited 1 branch of the dungeon, and saw 3 of its levels.

You collected 149 gold pieces.

Inventory:

Hand Weapons
 a - a +1 dagger
 n - a +0 dagger of electrocution (weapon)
Armour
 b - a +0 robe (worn)
Wands
 o - a wand of acid (6)
Scrolls
 c - 4 scrolls of identify {unknown}
 e - a scroll of teleportation {unknown}
 f - 2 scrolls of fear {unknown}
 g - 5 scrolls of remove curse {unknown}
 h - 2 scrolls of immolation {unknown}
 k - 2 scrolls of amnesia {unknown}
 m - a scroll of enchant armour {unknown}
Potions
 d - 2 potions of curing {unknown}
 i - 3 potions of might {unknown}
 j - a potion of magic {unknown}
 l - a potion of berserk rage {unknown}


   Skills:
 - Level 1.1 Short Blades
 - Level 2.1 Dodging
 + Level 5.8 Stealth
 + Level 2.9 Spellcasting
 + Level 5.6 Hexes


You had 2 spell levels left.
You knew the following spells:

 Your Spells              Type           Power        Failure   Level  Hunger
a - Corona                Hex            ###....      1%          1    N/A
b - Ensorcelled Hibernat  Hex/Ice        ##....       9%          2    N/A
c - Confuse               Hex            ###.....     5%          3    N/A

Your spell library contained the following spells:

 Spells                   Type           Power        Failure   Level  Hunger
 Tukima's Dance           Hex            ###.....     5%          3    N/A
 Dazzling Spray           Conj/Hex       ##....       17%         3    N/A

Dungeon Overview and Level Annotations

Branches:
Dungeon (3/15)

Altars:
Hepliaklqana
Vehumet
Xom


Innate Abilities, Weirdness & Mutations

You do not eat.
You do not regenerate when monsters are visible.
You are frail without blood (-20% HP).
You can heal yourself when you bite living creatures.
You are immune to poison.
You have razor-sharp teeth.
You have supernaturally acute eyesight. (SInv)
You can survive without breathing.


Message History

Aim: an adder (chance to defeat MR: 51%)
The adder resists with some effort.
The adder bites you but does no damage. The adder bites you.
The adder bites you.
Okay, then.
The adder closely misses you. The adder bites you. The adder barely misses you.
The adder bites you.
Casting: Ensorcelled Hibernation (safe; 9% risk of failure)
Confirm with . or Enter, or press ? or * to list all spells.
Aiming: Ensorcelled Hibernation (safe; 9% risk of failure)
Press: ? - help, Shift-Dir - straight line, f/p - adder
Aim: an adder (chance to defeat MR: 51%)
The adder resists with some effort.
The adder bites you. The adder barely misses you. The adder bites you.
* * * LOW HITPOINT WARNING * * *
The adder bites you.
You die...

.......#.##'#........#
.......#.............#
.......#........######
...<............#####
.......##...........#
....................#
........####........#
?.................###
#.......@##.....#.#
#.......S##.....#.#
#.........#.....#.#
.....[.........#.#
...###....#...##.# ..
+....+.....># .
###....#....###
.......# #...........#
.......#
###...........#


You could see an adder.

Vanquished Creatures
  An adder (D:2)
  An ooze (D:2)
  2 dart slugs (D:1)
  2 worms
  2 leopard geckos
  3 orcs (D:3)
  10 bats
  A giant cockroach (D:1)
  6 goblins
  6 hobgoblins
  3 jackals (D:2)
  A ball python (D:2)
  7 frilled lizards
  7 kobolds
  7 rats
59 creatures vanquished.

Notes
Turn   | Place    | Note
-------+----------+-------------------------------------------
     0 | D:1      | Ajohnson the Vampire Enchanter began the quest for the Orb.
     0 | D:1      | Reached XP level 1. HP: 13/13 MP: 3/3
   300 | D:1      | Reached XP level 2. HP: 19/19 MP: 5/5
   304 | D:1      | Learned a level 2 spell: Ensorcelled Hibernation
   576 | D:1      | Reached skill level 5 in Stealth
   594 | D:1      | Reached skill level 5 in Hexes
   699 | D:1      | Reached XP level 3. HP: 22/24 MP: 6/6
   899 | D:2      | Learned a level 3 spell: Confuse
   911 | D:2      | HP: 1/24 [worm (8)]
  1167 | D:2      | Found a hazy altar of Hepliaklqana.
  1521 | D:2      | Reached XP level 4. HP: 30/30 MP: 1/8
  1860 | D:3      | Found a radiant altar of Vehumet.
  1913 | D:3      | Found a shimmering altar of Xom.
  2336 | D:3      | Slain by an adder

Levels and vault maps discovered:
D:1:      mrwooster_arrival_statue_3, layout_basic, minmay_bisected
D:2:      layout_basic, lemuel_crystal_altar
D:3:      layout_basic, tgw_sif, old_standard_altar, overflow_temple_1_default,
          uniq_natasha

Skill      XL: |  1  2 |
---------------+-------+-----
Stealth        | 5 |  5.8
Hexes          | 5 |  5.6
Short Blades   | |  1.1
Dodging        | |  2.1
Spellcasting   | |  2.9

Action                   |  1- 3 |  4- 6 || total
-------------------------+-------+-------++-------
Melee: Dagger            |   118 |    29 ||   147
       Bite              |     3 |     1 ||     4
 Cast: Ensorcelled Hiber |    17 |    13 ||    30
       Corona            |     1 |       ||     1
 Abil: Exsanguinate      |       |     1 ||     1
 Stab: Sleeping          |    25 |     8 ||    33
Armor: Robe              |    36 |     3 ||    39
Dodge: Dodged            |    67 |    21 ||    88
